 Dungeon Crawl Stone Soup version 0.23.1-37-gaa34b87 (webtiles) character file.

Game seed: 6523319963434301282

1831 dhn the Cleaver (level 8, -6/71 HPs)
             Began as a Minotaur Fighter on Mar 27, 2019.
             Killed by divine providence
             ... invoked by an orc priest
              (14 damage)
             ... on level 9 of the Dungeon.
             The game lasted 00:14:05 (7980 turns).

dhn the Cleaver (Minotaur Fighter)                  Turns: 7980, Time: 00:14:05

Health: -6/71      AC:  9    Str: 22    XL:     8   Next: 86%
Magic:  7/7        EV:  9    Int:  6    God:
Gold:   249        SH: 10    Dex: 10    Spells: 7/7 levels left

rFire    . . .     SeeInvis .   a - +0 war axe
rCold    . . .     Gourm    .   c - +0 shield
rNeg     . . .     Faith    .   b - +0 scale mail
rPois    .         Spirit   .   (helmet restricted)
rElec    .         Reflect  .   (no cloak)
rCorr    .         Harm     .   x - +0 pair of gloves
MR       .....                  (no boots)
Stlth    ..........             (no amulet)
HPRegen  0.21/turn              (no ring)
MPRegen  0.10/turn              (no ring)

@: no status effects
A: retaliatory headbutt, horns 2
a: no special abilities


You were on level 9 of the Dungeon.
You were hungry.

You visited 1 branch of the dungeon, and saw 8 of its levels.

You collected 249 gold pieces.

Inventory:

Hand Weapons
 a - a +0 war axe (weapon)
Armour
 b - a +0 scale mail (worn)
 c - a +0 shield (worn)
 x - a +0 pair of gloves (worn)
Jewellery
 m - an uncursed amulet of harm
 u - a cursed ring of teleportation {unknown}
Wands
 s - a wand of paralysis (4)
Scrolls
 e - 8 scrolls of identify {unknown}
 h - 4 scrolls of teleportation {unknown}
 j - 4 scrolls of remove curse {unknown}
 l - 3 scrolls of blinking {unknown}
 n - a scroll of amnesia {unknown}
 t - a scroll of enchant armour {unknown}
 v - a scroll of immolation {unknown}
 w - a scroll of fear {unknown}
Potions
 d - a potion of might
 g - a potion of mutation {unknown}
 i - a potion of heal wounds {unknown}
 k - 3 potions of curing {unknown}
 o - a potion of flight {unknown}
 p - a potion of lignification {unknown}
 q - a potion of berserk rage {unknown}
 r - a potion of magic {unknown}
 z - a potion of agility {unknown}
Comestibles
 f - 6 rations
 A - a chunk of flesh


   Skills:
 + Level 6.6 Fighting
 + Level 8.2 Axes
 + Level 7.4 Armour
 + Level 3.5 Dodging
 + Level 0.9 Stealth
 + Level 6.8 Shields


You had 7 spell levels left.
You didn't know any spells.
Your spell library was empty.

Dungeon Overview and Level Annotations

Branches:
Dungeon (7/15)             Temple (0/1) D:4

Altars:
Cheibriados
Dithmenos
Elyvilon
Makhleb
Xom
Zin

Shops:
D:4 *

Annotations:
D:7 2 transporters


Innate Abilities, Weirdness & Mutations

You reflexively headbutt those who attack you in melee.
You have a pair of horns on your head.


Message History

The howler monkey barely misses you.
You hear a shout! x3; You hear a howl!
You hear a shout! x4
You are feeling hungry.
The orc priest mumbles some strange prayers to Beogh against you.
Beogh smites you!
* * * LOW HITPOINT WARNING * * *
The orc priest invokes the aid of Beogh against you.
Beogh smites you!
* * * LOW HITPOINT WARNING * * *
Okay, then.
Okay, then.
The howler monkey hoots and howls with incredible vigour!
You hear a howl!
You hear a shout! x3
Found a hardcover book.
The howler monkey hoots and howls with incredible vigour!
The orc priest looks braver for a moment.
The howler monkey hoots and howls with incredible vigour!
The orc priest calls down the wrath of Beogh upon you.
Beogh smites you!
You die...

#. #.....####. .... #.
#....o..... .... #.
#.h........
##...#.#######.h........
.....#:.....h..o........
..........o###o....#####
............Z.o.#.## #
........O..#......# #
..##..@...#......# .
#......#..[...# .
##.#####......# .. ..
....# ## ... .... # ....
..... ......


You could see a two-headed ogre, a howler monkey, an orc priest, 2 orcs and a
hound skeleton.

Vanquished Creatures
  Grinder (D:5)
  An ice beast (D:7)
  An orc warrior (D:5)
  A sky beast (D:5)
  A phantom (D:5)
  2 ogres
  A centaur (D:6)
  A bullfrog (D:7)
  2 scorpions
  4 howler monkeys
  3 crimson imps
  A quasit (D:6)
  A hound (D:5)
  An orc priest (D:6)
  4 orc wizards
  8 worker ants
  A killer bee zombie (D:6)
  A hound zombie (D:6)
  6 adders
  4 gnolls
  An adder zombie (D:5)
  An adder skeleton (D:7)
  A worm (D:2)
  2 dart slugs
  2 leopard geckos
  13 orcs
  4 giant cockroaches
  6 goblins
  10 hobgoblins
  10 jackals
  4 kobolds
  A quokka (D:2)
  10 bats
  6 frilled lizards
  8 rats
124 creatures vanquished.

Vanquished Creatures (others)
  6 jackals
6 creatures vanquished.

Grand Total: 130 creatures vanquished

Notes
Turn   | Place    | Note
-------+----------+-------------------------------------------
     0 | D:1      | dhn the Minotaur Fighter began the quest for the Orb.
     0 | D:1      | Reached XP level 1. HP: 19/19 MP: 0/0
   178 | D:1      | Reached XP level 2. HP: 21/27 MP: 1/1
   727 | D:2      | Reached XP level 3. HP: 33/33 MP: 2/2
   749 | D:2      | Reached skill level 3 in Axes
   821 | D:2      | Found a shimmering altar of Xom.
   824 | D:2      | Noticed an angel
   830 | D:2      | Found a glowing silver altar of Zin.
  1917 | D:3      | Found a burning altar of Makhleb.
  1939 | D:3      | Reached XP level 4. HP: 39/40 MP: 3/3
  2553 | D:3      | Found a shadowy altar of Dithmenos.
  2553 | D:3      | Found a white marble altar of Elyvilon.
  2924 | D:4      | Reached XP level 5. HP: 45/46 MP: 4/4
  3078 | D:4      | Reached skill level 4 in Axes
  3276 | D:4      | Found Sody's Elemental Accessories.
  3302 | D:4      | Reached skill level 5 in Armour
  3302 | D:4      | Reached skill level 1 in Dodging
  3692 | D:4      | Reached skill level 5 in Shields
  3698 | D:4      | Reached XP level 6. HP: 39/53 MP: 5/5
  3803 | D:4      | Reached skill level 5 in Axes
  4088 | D:4      | Found a staircase to the Ecumenical Temple.
  4425 | D:5      | Entered Level 5 of the Dungeon
  4454 | D:5      | Reached skill level 5 in Fighting
  4454 | D:5      | Reached XP level 7. HP: 16/61 MP: 6/6
  4816 | D:5      | Noticed Grinder
  4825 | D:5      | Paralysed by Grinder for 3 turns
  4838 | D:5      | Killed Grinder
  4838 | D:5      | Reached skill level 6 in Axes
  5083 | D:5      | Paralysed by a gnoll for 4 turns
  5094 | D:5      | Paralysed by a gnoll for 2 turns
  6110 | D:6      | Reached skill level 7 in Axes
  6122 | D:5      | Reached XP level 8. HP: 39/70 MP: 7/7
  7622 | D:7      | Reached skill level 8 in Axes
  7866 | D:7      | Found a transporter.
  7867 | D:7      | Noticed a komodo dragon
  7875 | D:7      | Found a snail-covered altar of Cheibriados.
  7875 | D:7      | Found a transporter.
  7963 | D:7      | You fall through a shaft for 2 floors!
  7964 | D:9      | Noticed a two-headed ogre
  7980 | D:9      | Killed from afar by an orc priest

Skill      XL: |  1  2  3  4  5  6  7  8 |
---------------+-------------------------+-----
Shields        | 4 5 6 |  6.8
Armour         | 4 5 6 7 |  7.4
Fighting       | 4 5 6 |  6.6
Axes           | 3 4 5 7 8 |  8.2
Dodging        | 1 2 3 |  3.5
Stealth        | |  0.9

Action                   |  1- 3 |  4- 6 |  7- 9 || total
-------------------------+-------+-------+-------++-------
Melee: War axe           |    84 |   154 |   177 ||   415
       Headbutt          |    17 |    23 |    28 ||    68
  Eat: Ration            |     1 |     1 |     1 ||     3
       Chunk             |       |     3 |     9 ||    12
Armor: Scale mail        |    48 |    63 |    89 ||   200
Dodge: Dodged            |    27 |    39 |    84 ||   150
Block: Shield            |    74 |    66 |   109 ||   249
